 Dungeon Crawl Stone Soup version 0.29.1-12-g30fa7ad0bf (webtiles) character file.

Game seed: 4121448162575379014

44 wormed the Magician (level 3, -3/28 HPs)
             Began as a Djinni Fire Elementalist on Dec 22, 2022.
             Slain by Natasha (7 damage)
             ... on level 2 of the Dungeon.
             The game lasted 00:06:10 (2125 turns).

wormed the Magician (Djinni Fire Elementalist)      Turns: 2125, Time: 00:06:10

Health: -3/28      AC:  2    Str:  7    XL:     3   Next: 87%
Gold:   61         EV: 12    Int: 18    God:
                   SH:  0    Dex: 13

rFire   + + .      SeeInvis .   (no weapon)
rCold   x . .      Faith    .   (no shield)
rNeg    . . .      Spirit   .   a - +0 robe
rPois   ∞          Reflect  .   (no helmet)
rElec   .          Harm     .   (no cloak)
rCorr   .          Rampage  .   (no gloves)
Will    .....                   (boots unavailable)
Stlth   ++........              (no amulet)
HPRegen 0.09/turn               (no ring)
MPRegen 0.00/turn               (no ring)

@: flying
A: sickness immunity, fire resistance 2, cold vulnerability 1, float, innate
caster, HP casting, extra vitality 1
a: no special abilities


You were on level 2 of the Dungeon.
You visited 1 branch of the dungeon, and saw 2 of its levels.

You collected 61 gold pieces.

Inventory:

Armour
 a - a +0 robe (worn)
Scrolls
 c - a scroll of poison {unknown}
Potions
 b - a potion of haste {unknown}


   Skills:
 * Level 1.9 Fighting
 - Level 2.4 Dodging
 - Level 1.6 Stealth
 * Level 3.0 Spellcasting


You couldn't memorise any spells.
You knew the following spells:

 Your Spells              Type           Power      Damage    Failure   Level
a - Foxfire               Conj/Fire      52%        2x1d6     4%          1
b - Scorch                Fire           26%        2d6       7%          2
c - Conjure Flame         Conj/Fire      13%        6-21      14%         3
d - Inner Flame           Hex/Fire       13%        N/A       14%         3
e - Flame Wave            Conj/Fire      13%        2d6       43%         4
f - Freeze                Ice            52%        1d7       4%          1
Your spell library was empty.

Dungeon Overview and Level Annotations

Branches:
Dungeon (2/15)

Altars:

Shops:
D:1 [[***

Annotations:
D:2 Natasha


Innate Abilities, Weirdness & Mutations

You are immune to sickness and miasma.
You are immune to poison.
Your flesh is very heat resistant. (rF++)
You are vulnerable to cold. (rC-)
You float through the air rather than walking.
You learn spells naturally, not from books.
Your magical power is your life essence.
You have superior vitality. (+4 MHP)


Message History

The jackal's fire resistance burns away.
The jackal stops to sniff the ground.
Casting: Scorch (safe; 8% risk of failure)
Press: ? - help, Q - select action, (/) - cycle Dir - look around, f - activate Flames lash the jackal.
The jackal is heavily wounded.
The jackal's fire resistance burns away.
You hear an angry hiss.
The jackal barely misses you.
Casting: Scorch (safe; 8% risk of failure)
Press: ? - help, Q - select action, (/) - cycle Dir - look around, f - activate Flames lash the jackal.
You kill the jackal!
The jackal bites you. The jackal closely misses you.
Casting: Scorch (safe; 8% risk of failure)
Press: ? - help, Q - select action, (/) - cycle Dir - look around, f - activate Flames lash the jackal.
The jackal is burned terribly!
You kill the jackal!
The jackal is no longer more vulnerable to fire.
The jackal bites you.
The jackal bites you but does no damage.
Your Spellcasting skill increases to level 3!
Casting: Scorch (safe; 7% risk of failure)
Press: ? - help, Q - select action, (/) - cycle Dir - look around, f - activate Flames lash the jackal.
You kill the jackal!
Natasha, Servant of Life and Death comes into view.
Casting: Scorch (safe; 7% risk of failure)
Press: ? - help, Q - select action, (/) - cycle Dir - look around, f - activate Flames lash Natasha but do no damage.
A worm comes into view.
Casting: Scorch (safe; 7% risk of failure)
Press: ? - help, Q - select action, (/) - cycle Dir - look around, f - activate Flames lash Natasha.
Natasha is moderately wounded.
Natasha's fire resistance burns away.
Natasha claws you.
* * * LOW HITPOINT WARNING * * *
Natasha claws you!
You die...

. #
#...#.########.
......h@......#
w#......#†.....
##...... ###.#
#.##.#### #. #.
# #. #


You could see a worm and Natasha (combustible).

Vanquished Creatures
  2 dart slugs (D:1)
  2 bats (D:1)
  3 endoplasms (D:1)
  4 giant cockroaches (D:1)
  3 goblins (D:1)
  3 hobgoblins (D:1)
  6 jackals
  2 quokkas (D:1)
  2 ball pythons (D:1)
  3 frilled lizards (D:1)
  3 kobolds (D:1)
  2 rats (D:1)
35 creatures vanquished.

Vanquished Creatures (collateral kills)
  A foxfire (D:1)
1 creature vanquished.

Vanquished Creatures (others)
  8 foxfires (D:1)
  112 plants (D:1)
120 creatures vanquished.

Grand Total: 156 creatures vanquished

Notes
Turn   | Place    | Note
-------+----------+-------------------------------------------
     0 | D:1      | wormed the Djinni Fire Elementalist began the quest for the
                  | Orb.
     0 | D:1      | wormed set off with the following spells memorised:
                  | Foxfire, Scorch, Conjure Flame, Inner Flame, Flame Wave.
     0 | D:1      | Reached XP level 1. HP: 15/15 MP: 0/0
    74 | D:1      | Found Janauske's Armour Emporium.
   598 | D:1      | Found Koetua Lonunk's Assorted Antiques.
   601 | D:1      | Reached XP level 2. HP: 22/22 MP: 0/0
   850 | D:1      | Found Nainiuxku's General Store.
   853 | D:1      | Reached skill level 1 in Fighting
   874 | D:1      | Found Larchimonk's Armour Emporium.
   903 | D:1      | Reached XP level 3. HP: 2/27 MP: 0/0
   903 | D:1      | Learned a level 1 spell: Freeze
  1241 | D:1      | Found Aliattoy's General Store.
  2122 | D:2      | Reached skill level 3 in Spellcasting
  2122 | D:2      | Noticed Natasha
  2125 | D:2      | Slain by Natasha

Illustrated notes

Levels and vault maps discovered:
D:1:      roderic_crop_circles_arrival_small, layout_loops_ring, serial_forest,
          infiniplex_forest_clump_tiny, infiniplex_forest_lined_corner,
          infiniplex_forest_straight_1, infiniplex_forest_end_1,
          infiniplex_forest_straight_4, infiniplex_forest_clump_medium,
          serial_shops, nicolae_shop_stone,
          nicolae_shop_temple_entry_statues_fountains, shop,
          nicolae_square_shop, nicolae_lakefront_shop
D:2:      layout_loops_corners, serial_shops, nicolae_shop_advertising_works
          [nicolae_subvault_shop_adworks], minmay_cut_off, uniq_natasha,
          uniq_jessica

Skill      XL: |  1  2  3 |
---------------+----------+-----
Fighting       | 1 |  1.9
Spellcasting   | 3 |  3.0
Dodging        | |  2.4
Stealth        | |  1.6

Action                   || total
-------------------------++-------
Melee: Unarmed           ||    29
 Cast: Foxfire           ||     6
       Scorch            ||    39
Armor: Robe              ||     7
Dodge: Dodged            ||    24
